 Dungeon Crawl Stone Soup version 0.27.0-1-g7a089689b8 (console) character file.

Game seed: 6165926293209107223

2216 jejorda2 the Chopper (level 9, -2/81 HPs)
             Began as a Deep Dwarf Summoner on July 31, 2021.
             Was a Follower of Makhleb.
             Succumbed to a hornet's poison
             ... while paralysed by a hornet
             ... on level 6 of the Dungeon.
             The game lasted 00:25:23 (5662 turns).

jejorda2 the Chopper (Deep Dwarf Summoner)          Turns: 5662, Time: 00:25:24

Health: -2/81      AC: 21    Str: 16    XL:     9   Next: 13%
Magic:  9/9        EV:  2    Int: 15    God:    Makhleb [*.....]
Gold:   1092       SH:  0    Dex: 13    Spells: 10/11 levels left

rFire    . . .     SeeInvis .   a - +0 war axe
rCold    + . .     Faith    .   (no shield)
rNeg     . . .     Spirit   .   q - +0 plate armour
rPois    .         Reflect  +   (no helmet)
rElec    .         Harm     .   k - +2 cloak {rCorr}
rCorr    +         Rampage  .   (no gloves)
Will     +....                  j - +0 pair of boots
Stlth    ..........             i - amulet of reflection
HPRegen  0.00/turn              t - ring of protection from cold
MPRegen  0.11/turn              c - +4 ring of protection

@: paralysed, lethally poisoned (-2 -> -14), slowed
A: damage resistance, heal wounds, sense surroundings 2, no regeneration
a: Heal Wounds, Renounce Religion


You were on level 6 of the Dungeon.
You worshipped Makhleb.
Makhleb was aware of your devotion.
You visited 2 branches of the dungeon, and saw 7 of its levels.

You collected 1234 gold pieces.
You spent 142 gold pieces at shops.

Inventory:

Hand Weapons
 a - a +0 war axe (weapon)
 h - a +0 flail
Missiles
 b - 133 stones
 f - 5 javelins
 l - 2 boomerangs
 s - 25 poisoned darts (quivered)
Armour
 j - a +0 pair of boots (worn)
 k - a +2 cloak of preservation (worn)
 q - a +0 plate armour (worn)
Jewellery
 c - a +4 ring of protection (right hand)
 i - an amulet of reflection (around neck)
 t - a ring of protection from cold (left hand)
Wands
 m - a wand of digging (6)
 r - a wand of flame (28)
Scrolls
 g - 2 scrolls of teleportation
 p - a scroll of fog
 u - a scroll of summoning
 v - a scroll of magic mapping
Potions
 e - a potion of curing
 n - a potion of flight


   Skills:
 + Level 5.3 Fighting
 + Level 7.8(8.0) Axes
 - Level 1.8(4.9) Maces & Flails
 - Level 6.0 Armour
 - Level 2.1 Dodging
 - Level 2.4 Stealth
 - Level 1.7 Spellcasting
 - Level 3.6 Summonings
 + Level 5.8 Invocations


You had 10 spell levels left.
You knew the following spells:

 Your Spells              Type           Power      Damage    Failure   Level
a - Summon Small Mammal   Summ           48%        N/A       94%         1

Your spell library contained the following spells:

 Spells                   Type           Power      Damage    Failure   Level
 Call Imp                 Summ           12%        N/A       98%         2
 Call Canine Familiar     Summ           12%        N/A       100%        3
 Gell's Gravitas          Tloc           0%         N/A       100%        3
 Summon Guardian Golem    Hex/Summ       6%         N/A       100%        3
 Teleport Other           Tloc           1%         N/A       100%        3
 Summon Lightning Spire   Summ/Air       6%         N/A       100%        4
 Dispersal                Tloc           0%         N/A       100%        6


Dungeon Overview and Level Annotations

Branches:
Dungeon (6/15)             Temple (1/1) D:5

Altars:
Ashenzari
Dithmenos
Elyvilon
Fedhas
Gozag
Hepliaklqana
Kikubaaqudgha
Makhleb
Nemelex Xobeh
Okawaru
Qazlal
Ru
Sif Muna
Trog
Vehumet
Wu Jian
Xom
Yredelemnul
Zin
The Shining One

Shops:
D:6 ?


Innate Abilities, Weirdness & Mutations

You are resistant to damage.
You can heal yourself by infusing magical energy.
You passively map the area around you.
You do not regenerate.


Message History

You feel yourself speed up. You block the hornet's attack.
A phantom comes into view.
The hornet stings you but does no damage.
Unknown command.
You slash the hornet!
The hornet is heavily wounded.
You hear a shout!
You block the hornet's attack. The hornet stings you.
You feel yourself slow down.
You feel yourself speed up. The hornet stings you!
You shrug off the repeated paralysis!
A shadow imp comes into view.
The hornet stings you.
You feel yourself slow down.
You hit the hornet but do no damage.
The hornet is heavily wounded.
You feel yourself speed up. The hornet barely misses you.
The hornet stings you.
You feel yourself slow down.
You closely miss the hornet.
The hornet is heavily wounded.
You feel yourself speed up.
You are no longer poisoned.
The hornet stings you!
* * * LOW HITPOINT WARNING * * *
You are poisoned.
You feel yourself slow down. The hornet stings you!
* * * LOW HITPOINT WARNING * * *
You are more poisoned.
You suddenly lose the ability to move!
The sky beast flickers out of sight!
Deactivating autopickup; reactivate with Ctrl-A.
You feel very sick.
The hornet stings you but does no damage.
A sky beast appears from thin air!
Reactivating autopickup.
The hornet stings you!
* * * LOW HITPOINT WARNING * * *
You are lethally poisoned!
You feel as though you will be slow longer.
You die...

........# #.#####.# #.#
#.################## #.#
#..................### #.#
#################....##
#.##*****########.')........##
...#,,,,,..(......###...##...####
####,,**,.##..##..#....###.......
# *,,**,,*#5.##@.#.....###..####
***,,**,,*#Yy#####...##...#### #
***,,**,,*#.W####.#......#....
####,,**,,**..####..###....######
...#,,**,,*#..***#..###....##
...#**,,**..##,,*###.#......##
...#**,,*#..**,,* ##...##...#
...#,,**..#*,,*** #..###...####
...#,,**..**,,*** #...###......


You could see a hornet, a phantom and a sky beast.

Vanquished Creatures
  Grinder (D:4)
  Eustachio (D:6)
  2 water moccasins
  An orc warrior (D:5)
  A black bear (D:4)
  2 ice beasts
  2 centaurs
  4 ogres
  A phantom (D:5)
  Blork the orc (D:6)
  A scorpion (D:6)
  2 howler monkeys
  2 hounds (D:6)
  A bullfrog skeleton (D:6)
  A centaur skeleton (D:5)
  An orc priest (D:5)
  A gnoll shaman (D:5)
  2 iguanas
  2 orc wizards (D:5)
  5 gnolls (D:5)
  6 adders
  A shadow imp (D:5)
  2 worms
  3 dart slugs
  11 orcs
  5 endoplasms
  A giant cockroach (D:2)
  5 goblins
  3 hobgoblins
  A jackal (D:1)
  4 quokkas
  4 ball pythons
  2 bats (D:2)
  2 frilled lizards (D:2)
  7 kobolds
  6 rats
97 creatures vanquished.

Vanquished Creatures (collateral kills)
  An adder (D:2)
  An endoplasm (D:1)
  3 giant cockroaches
  3 goblins
  A hobgoblin (D:1)
  2 jackals (D:1)
  A quokka (D:1)
  A bat (D:1)
  3 frilled lizards
16 creatures vanquished.

Vanquished Creatures (others)
  A sky beast (D:5)
  An orc wizard (D:5)
2 creatures vanquished.

Grand Total: 115 creatures vanquished

Notes
Turn   | Place    | Note
-------+----------+-------------------------------------------
     0 | D:1      | jejorda2 the Deep Dwarf Summoner began the quest for the
                  | Orb.
     0 | D:1      | Reached XP level 1. HP: 15/15 MP: 3/3
   495 | D:1      | Reached XP level 2. HP: 24/24 MP: 1/4
   584 | D:1      | Reached skill level 1 in Armour
   656 | D:1      | Reached skill level 1 in Axes
   939 | D:2      | Reached skill level 1 in Fighting
  1072 | D:2      | Reached XP level 3. HP: 29/31 MP: 3/5
  1284 | D:2      | Reached skill level 2 in Axes
  1397 | D:2      | Found a faded altar of an unknown god.
  1925 | D:3      | Reached XP level 4. HP: 37/38 MP: 6/6
  1977 | D:3      | You fall into a shaft and drop 3 floors!
  1982 | D:6      | Identified 2 scrolls of acquirement
  1982 | D:6      | Acquired a +1 cloak of preservation
  1983 | D:6      | Noticed Eustachio
  2001 | D:6      | Killed Eustachio
  2002 | D:6      | Reached skill level 3 in Axes
  2002 | D:6      | Reached XP level 5. HP: 42/45 MP: 7/7
  2178 | D:6      | Found Gefiumaf's Magic Scroll Shoppe.
  2178 | D:6      | Noticed a water moccasin
  2277 | D:6      | Found a large runed translucent door.
  2278 | D:6      | Found a large runed translucent door.
  2283 | D:6      | Acquired 914 gold pieces
  2288 | D:6      | Found a shimmering blue altar of Sif Muna.
  2309 | D:6      | Reached skill level 4 in Axes
  2316 | D:6      | Found a white marble altar of Elyvilon.
  2316 | D:6      | Noticed an ogre
  2324 | D:6      | Killed an ogre
  2325 | D:6      | Reached XP level 6. HP: 28/55 MP: 8/8
  2397 | D:5      | Entered Level 5 of the Dungeon
  2412 | D:5      | Noticed a sky beast
  2435 | D:5      | Killed a sky beast
  2439 | D:5      | Reached skill level 5 in Axes
  2666 | D:5      | Reached XP level 7. HP: 37/62 MP: 8/8
  2678 | D:5      | Found a staircase to the Ecumenical Temple.
  2850 | Temple   | Entered the Ecumenical Temple
  2923 | Temple   | Became a worshipper of Makhleb the Destroyer
  3074 | D:5      | Identified the +1 ring mail of Elitism {Dex+6}
  3083 | D:5      | Reached skill level 6 in Axes
  3119 | D:5      | Reached skill level 1 in Invocations
  3359 | D:5      | Reached XP level 8. HP: 23/72 MP: 8/8
  3697 | D:4      | Noticed Grinder
  4006 | D:3      | Found a shadowy altar of Dithmenos.
  4122 | D:4      | Reached skill level 1 in Maces & Flails
  4122 | D:4      | Reached skill level 5 in Armour
  4177 | D:4      | Killed Grinder
  4177 | D:4      | Reached * piety under Makhleb
  4432 | D:4      | Reached skill level 7 in Axes
  4570 | D:4      | Found a shimmering altar of Xom.
  5032 | D:5      | Found a radiant altar of Vehumet.
  5229 | D:6      | Bought a scroll of summoning for 104 gold pieces
  5229 | D:6      | Bought a scroll of magic mapping for 38 gold pieces
  5505 | D:6      | Reached skill level 5 in Invocations
  5558 | D:6      | Noticed Blork the orc
  5574 | D:6      | Reached skill level 5 in Fighting
  5583 | D:6      | Killed Blork the orc
  5602 | D:6      | Gained mutation: You passively map the area around you.
                  | [Deep Dwarf growth]
  5602 | D:6      | Reached XP level 9. HP: 55/81 MP: 7/9
  5648 | D:6      | Paralysed by a hornet for 2 turns
  5654 | D:6      | Paralysed by a hornet for 1 turns
  5660 | D:6      | Paralysed by a hornet for 3 turns
  5662 | D:6      | Succumbed to a hornet's poison

Illustrated notes

Levels and vault maps discovered:
D:1:      dpeg_arrival_snail, layout_basic
D:2:      layout_loops_cross, shapermc_ecumenical_altar_totnotflames
D:3:      layout_rooms, grunt_dithmenos_smoke_and_mirrors,
          corexii_hall_statues_i, corexii_hall_statues_l
D:4:      black_bear_nest_1, layout_rooms, lemuel_coloured_pillars_altar,
          uniq_grinder
D:5:      layout_layer_cave, vehumet_altar_wand_db,
          minmay_temple_entry_offerings, chequers_serial_rivers_micro_b
D:6:      wad_guarded_room, layout_loops_ring, jmf_multi_god_temple2,
          kennysheep_windowed_goal, uniq_eustachio, uniq_blork_the_orc
Temple:   regret_index_temple_waves

Skill      XL: |  1  2  3  4  5  6  7  8 |
---------------+-------------------------+-----
Armour         | 1 2 3 4 6 |  6.0
Axes           | 1 2 3 4 5 6 7 |  7.8
Fighting       | 1 2 3 5 |  5.3
Invocations    | 2 5 |  5.8
Maces & Flails | 1 |  1.8
Dodging        | |  2.1
Stealth        | |  2.4
Spellcasting   | |  1.7
Summonings     | |  3.6

Action                   |  1- 3 |  4- 6 |  7- 9 || total
-------------------------+-------+-------+-------++-------
Melee: Hand axe          |   151 |   105 |   211 ||   467
       Unarmed           |    10 |       |       ||    10
       War axe           |       |       |   141 ||   141
       Flail             |       |       |    57 ||    57
Throw: Stone             |     7 |       |       ||     7
       Dart              |    15 |     8 |    30 ||    53
       Javelin           |       |     3 |     5 ||     8
 Cast: Summon Small Mamm |    41 |       |       ||    41
 Abil: Heal Wounds       |     1 |     3 |     9 ||    13
  Use: Scroll            |       |     9 |     5 ||    14
       Potion            |       |     1 |     5 ||     6
 Stab: Distracted        |     1 |       |       ||     1
       Invisible         |       |       |     2 ||     2
Armor: Leather armour    |    20 |       |       ||    20
       Chain mail        |    69 |    98 |    75 ||   242
       Skin              |       |     1 |       ||     1
       Plate armour      |       |       |   179 ||   179
Dodge: Dodged            |    80 |    31 |    77 ||   188
Block: Other             |       |    22 |    78 ||   100
       Reflection        |       |       |     3 ||     3
